 Dungeon Crawl Stone Soup version 0.32-a0-33-g74fbe469d6 (webtiles) character file.

Game seed: 3195096585129269971

53 Hellonello the Changeling (level 3, -2/17 HPs)
             Began as an Octopode Shapeshifter on Jan 20, 2024.
             Slain by a ribbon worm (6 damage)
             ... on level 2 of the Dungeon.
             The game lasted 00:02:40 (799 turns).

Hellonello the Changeling (Octopode Shapeshifter)    Turns: 799, Time: 00:02:40

Health: -2/17      AC:  1    Str: 13    XL:     3   Next: 87%
Magic:  3/3        EV: 17    Int: 12    God:
Gold:   54         SH:  0    Dex: 13    Spells: 2/2 levels left

rFire   . .          .
                       - Unarmed
rCold   . . .        (shield currently unavailable)
rNeg    . . .        (helmet restricted)
rPois   .            (no amulet)
rElec   .            (no ring)
rCorr   .            (no ring)
SInv    .            (no ring)
Will    .....        (no ring)
Stlth   +            (no ring)
HPRegen 0.22/turn    (no ring)
MPRegen 0.08/turn    (no ring)
                     (no ring)

%: no passive effects
@: flux-form, glowing
A: glow, contaminating, reduced hp, almost no armour, amphibious, 8 rings,
camouflage 1, gelatinous body 1, (nimble swimmer 1), tentacles
a: Begin Untransformation


You were on level 2 of the Dungeon.
You were something dangerously unstable.
You visited 1 branch of the dungeon, and saw 2 of its levels.

You collected 54 gold pieces.

Inventory:

Jewellery
 j - a +6 ring of intelligence
Talismans
 b - a beast talisman
 c - a flux talisman (active)
Scrolls
 d - a scroll of enchant weapon {unknown}
Potions
 a - a potion of lignification
 e - 2 potions of curing {unknown}
 f - 2 potions of berserk rage {unknown}
 h - 2 potions of might {unknown}
 i - a potion of ambrosia {unknown}
 k - a potion of heal wounds {unknown}


   Skills:
 - Level 1.0 Fighting
 - Level 2.0 Dodging
 - Level 3.0 Unarmed Combat
 + Level 4.4 Shapeshifting


You had 2 spell levels left.
You didn't know any spells.
Your spell library contained the following spells:

 Spells                   Type           Power      Damage    Failure   Level
 Foxfire                  Conj/Fire      0%         2x1d4     32%         1
 Plasma Beam              Fire/Air       0%         2x1d10    100%        6
 Starburst                Conj/Fire      0%         6d3       100%        6


Dungeon Overview and Level Annotations

Branches:
Dungeon (2/15)

Altars:

Shops:
D:2 (


Innate Abilities, Weirdness & Mutations

You are something dangerously unstable.
You glow with magical radiation, making you easy to see and hit.
Foes you strike become dangerously contaminated with magical radiation.
Your maximum health is decreased, since you lack skill for your form.
You are incapable of wielding weapons or throwing items.
You cannot wear most types of armour.
You are amphibious.
You can wear up to eight rings at the same time.
Your skin changes colour to match your surroundings (Stealth+).
Your rubbery body absorbs attacks. (AC +1, EV +1)
((You are camouflaged when in or above water. (Stealth+)))
You have tentacles for arms and can constrict up to eight enemies at once.


Message History

You kill the goblin!
The hobgoblin hits you.
You tentacle-slap the hobgoblin.
The hobgoblin begins to glow.
You grab the hobgoblin.
The hobgoblin is moderately wounded.
You constrict the hobgoblin, but do no damage.
The hobgoblin barely misses you.
You tentacle-slap the hobgoblin but do no damage.
The hobgoblin glows dangerously bright.
The hobgoblin is moderately wounded.
You constrict the hobgoblin, but do no damage.
The bat closely misses you. The hobgoblin barely misses you.
You tentacle-slap the hobgoblin.
The hobgoblin shudders as magic cascades through it.
You kill the hobgoblin!
The bat barely misses you.
You closely miss the bat. Your grab misses the bat. The bat barely misses you.
The bat misses you.
You barely miss the bat. Your grab misses the bat. You squeeze the bat.
You kill the bat!
The ribbon worm expels a string of sticky webbing.
The stream of webbing hits you but does no damage.
You are caught in a web!
You struggle to detach yourself from the web.
You struggle to detach yourself from the web.
The web tears apart.
The ribbon worm bites you!
* * * LOW HITPOINT WARNING * * *
You tentacle-slap the ribbon worm but do no damage.
The ribbon worm begins to glow.
You grab the ribbon worm. You constrict the ribbon worm.
The ribbon worm closely misses you.
You tentacle-slap the ribbon worm.
The ribbon worm glows dangerously bright.
The ribbon worm is lightly wounded.
You constrict the ribbon worm. You tentacle-slap the ribbon worm.
The ribbon worm shudders as magic cascades through it.
The ribbon worm twists and deforms.
The ribbon worm is moderately wounded.
You constrict the ribbon worm. The ribbon worm bites you.
You die...

##.~..~.......# .
##~~~..~..~~...~ .
#~~~..~..~..~..~ .
#~~...~.⌠~..~..~ #.
#~~..~..~⌠.~...~ #.
#~~..~..~..~..~~ ####.
#~...~~)†~..~~~ # #....
#.....w.~..~.# #.##..<. ...
#.....p†.~~..# #....†..
....#.?..........#.###.....
...................# #.....
.........†.........####....
...........................
................###....####
......#.^.......###..#.####
......##......#........†...
.......##.#..#####.#.##....


You could see a ribbon worm (catching breath, misshapen).

Vanquished Creatures
  5 ball pythons
  6 endoplasms
  3 giant cockroaches (D:1)
  6 goblins
  4 hobgoblins
  5 kobolds
  2 quokkas
  6 bats
  3 frilled lizards (D:1)
  5 rats
45 creatures vanquished.

Notes
Turn   | Place    | Note
-------+----------+-------------------------------------------
     0 | D:1      | Hellonello the Octopode Shapeshifter began the quest for
                  | the Orb.
     0 | D:1      | Reached XP level 1. HP: 13/13 MP: 1/1
    72 | D:1      | Reached XP level 2. HP: 11/18 MP: 2/2
   349 | D:1      | Reached XP level 3. HP: 15/23 MP: 3/3
   364 | D:1      | Reached skill level 4 in Shapeshifting
   679 | D:2      | Found Guiporeo's Antique Weapon Shoppe.
   693 | D:2      | Found a faded altar of an unknown god.
   799 | D:2      | Slain by a ribbon worm

Illustrated notes

Levels and vault maps discovered:
D:1:      lightli_arrival_chessboard, layout_loops_ring, minmay_quantized
D:2:      cheibrodos_helix_gallery, layout_rooms, serial_shops, shop,
          chequers_ecumenical_altar_simple_redux, kennysheep_donut,
          dreamdust_mushroom_princess, uniq_terence, uniq_jessica

Skill      XL: |  1  2  3 |
---------------+----------+-----
Shapeshifting  | 4 |  4.4
Fighting       | |  1.0
Dodging        | |  2.0
Unarmed Combat | |  3.0

Action                     || total
---------------------------++-------
  Melee: Unarmed           ||    99
         Tentacles         ||    22
         Constrict         ||    31
    Use: Scroll            ||     2
   Stab: Sleeping          ||     1
 Armour: Skin              ||    21
  Dodge: Dodged            ||    71
   Form: Flux              ||     1

Table legend: (Time is in decaauts)
 A = Elapsed time spent in this place.
 B = Non-inter-level travel time spent in this place.
 C = Inter-level travel time spent in this place.
 D = Time resting spent in this place.
 E = Time spent auto-exploring this place.
 F = Levels seen in this place.
 G = Mean time per level.
                   A        B        C        D        E       F      G
               +--------+--------+--------+--------+--------+-----+--------+
         Total |    793 |    774 |     19 |      0 |    495 |   2 |  396.5 |
       Dungeon |    793 |    774 |     19 |      0 |    495 |   2 |  396.5 |
               +--------+--------+--------+--------+--------+-----+--------+

Top non-repeatable levels by time:
     D:1: 663 daAuts
     D:2: 130 daAuts
